 Dungeon Crawl Stone Soup version 0.20-a0-1122-gb7cbeb9 (webtiles) character file.

40745 Manul the Basher (level 13, -4/103 HPs)
             Began as a Mummy Chaos Knight on May 15, 2017.
             Slain by Snorg (11 damage)
             ... on level 4 of the Lair of Beasts.
             The game lasted 00:32:09 (21017 turns).

Manul the Basher (Mummy Chaos Knight)              Turns: 21017, Time: 00:32:09

Health: -4/103     AC: 11    Str: 17    XL:     13   Next: 76%
Magic:  24/24      EV: 15    Int: 12    God:    Xom [.*....]
Gold:   770        SH:  5    Dex: 18    Spells: 26/27 levels left

rFire    . . .     SeeInvis .   n - +5 great mace (protect)
rCold    + . .     Gourm    .   (shield currently unavailable)
rNeg     + + +     Faith    .   i - +1 ring mail {rF+}
rPois    ∞         Spirit   .   (no helmet)
rElec    .         Reflect  +   (no cloak)
rCorr    .         Harm     .   e - +1 pair of gloves
MR       ++...                  d - +0 pair of boots
Stlth    ..........             r - +5 amulet of reflection
Regen    0.3/turn               v - ring of protection from magic
MPRegen  0.2/turn               a - +4 ring of dexterity

@: silence
A: no food or potions, fire vulnerability, cold resistance 1, negative energy
resistance 3, torment resistance, unbreathing, in touch with death 1
a: Renounce Religion


You were on level 4 of the Lair of Beasts.
You worshipped Xom.
You were a plaything of Xom.
You were not hungry.

You visited 3 branches of the dungeon, and saw 18 of its levels.
You also visited: Ossuary.

You collected 842 gold pieces.
You spent 72 gold pieces at shops.

Inventory:

Hand Weapons
 n - a +5 great mace of protection (weapon)
Armour
 d - a +0 pair of boots (worn)
 e - a +1 pair of gloves (worn)
 f - a cursed -2 leather armour
 i - a +1 ring mail of fire resistance (worn)
 y - +0 steam dragon scales
Jewellery
 a - a +4 ring of dexterity (right hand)
 r - a +5 amulet of reflection (around neck)
 v - a ring of protection from magic (left hand)
 D - an uncursed ring of stealth
Wands
 b - a wand of paralysis (10/24)
 c - a wand of paralysis (5/24)
 s - a wand of paralysis (11/24)
 u - a wand of paralysis (17/24)
 z - a wand of iceblast (6/15)
 A - a wand of disintegration (16/24)
 B - a wand of iceblast (9/15)
 C - a wand of iceblast (7/15)
 E - a wand of confusion (33/48)
 G - a wand of flame (14/48)
Scrolls
 g - a scroll of fog
 h - 3 scrolls of enchant weapon
 j - 4 scrolls of magic mapping
 k - 9 scrolls of teleportation
 l - 9 scrolls of identify
 m - 3 scrolls of amnesia
 t - 9 scrolls of remove curse
 x - a scroll of enchant armour
Books
 o - a book of Cantrips

   Spells                             Type                      Level
   a - Confusing Touch                Hexes                        1
   b - Animate Skeleton               Necromancy                   1
   c - Summon Small Mammal            Summoning                    1
   d - Apportation                    Translocation                1
 p - a book of Changes

   Spells                             Type                      Level
   a - Beastly Appendage              Transmutation                1
   b - Sticks to Snakes               Transmutation                2
   c - Spider Form                    Transmutation/Poison         3
   d - Ice Form                       Ice/Transmutation            4
   e - Blade Hands                    Transmutation                5
Miscellaneous
 q - a box of beasts
 w - 2 phantom mirrors


   Skills:
 + Level 9.9 Fighting
 + Level 13.0 Maces & Flails
 + Level 6.8 Armour
 + Level 6.7 Dodging
 - Level 1.1 Stealth
 - Level 7.7 Spellcasting
 - Level 7.0 Necromancy
 + Level 2.8 Evocations


You had 26 spell levels left.
You knew the following spells:

 Your Spells              Type           Power        Failure   Level  Hunger
a - Animate Skeleton      Necr           N/A          1%          1    N/A

Dungeon Overview and Level Annotations

Branches:
Dungeon (13/15)            Temple (1/1) D:5            Lair (4/6) D:10
    Orc (0/2) D:12
  Swamp: Lair:2-4    Shoals: Lair:2-4     Snake: Lair:2-4    Spider: Lair:2-4
 Vaults: D:13-14

Altars:
Cheibriados
Elyvilon
Gozag
Hepliaklqana
Kikubaaqudgha
Makhleb
Okawaru
Qazlal
Ru
Sif Muna
Uskayaw
Wu Jian
Xom

Shops:
D:7 *[[*(   D:8 ?*!=

Annotations:
D:9 Maurice
Lair:4 Snorg


Innate Abilities, Weirdness & Mutations

You do not eat or drink.
Your flesh is vulnerable to fire.
You are immune to poison.
Your flesh is cold resistant. (rC+)
You are immune to negative energy. (rN+++)
You are immune to unholy pain and torment.
You can survive without breathing.
You are in touch with the powers of death.


Message History

The wyvern misses you. Snorg bites you.
* * * LOW HITPOINT WARNING * * *
Snorg claws you but does no damage. Snorg barely misses you.
Okay, then.
Evoke which item? (* to show all) (? for menu, Esc to quit)
You open the lid... ...and a larval firebat beast flies out!
The wyvern bites you.
* * * LOW HITPOINT WARNING * * *
Snorg misses you. Snorg barely misses you. Snorg claws you but does no damage.
The wyvern completely misses you. Snorg barely misses you. Snorg misses you.
You block Snorg's attack.
Your larval firebat beast breathes flames at the wyvern.
The blast of flame misses the wyvern.
Your larval firebat beast breathes flames at the wyvern.
The blast of flame hits the wyvern.
The wyvern bites you but does no damage.
Snorg bites you!
You die...
Xom laughs nastily!

#.#. .... # #..#
##.# ####..##..##
##.# .......##
#..###†......=
#..#..........
#....T.H.P....
##..@l........
##.....>.PP#..
###........### .
####P##.......##
#..............#
#P.........#...#
##.........#...P#
##..#...........
#####P...P..).


You could see Snorg (berserk), a wyvern and a friendly larval firebat beast.

Vanquished Creatures
  Kirke (D:12)
  The ghost of Toogi the Thaumaturge, a journeyman DEIE of Vehumet (Lair:2)
  3 two-headed ogres
  The ghost of WhatIsLove the Protected, a novice FoMo of Wu Jian (D:8)
  A tengu warrior (D:13)
  The ghost of sour the Cleaver, a novice BaFi of Qazlal (D:7)
  An unseen horror (D:11)
  Pikel (D:8)
  2 ugly things
  7 black mambas
  A torpor snail (Lair:3)
  2 komodo dragons
  3 spiny frogs
  3 centaur skeletons
  2 rime drakes
  3 polar bears (Lair:4)
  A tengu conjurer (D:12)
  7 hippogriffs
  A shadow (D:12)
  34 yaks
  A wraith (D:12)
  A human (D:10)
  A human (shapeshifter) (D:13)
  Grum (D:11)
  3 hogs (D:12)
  A hungry ghost (D:12)
  2 steam dragons
  7 water moccasins
  5 porcupines
  Duvessa (D:5)
  4 slaves (D:8)
  7 orc warriors
  5 ice beasts
  4 phantoms
  2 eyes of draining
  2 necrophages
  9 ogres
  8 wolves
  A centaur (shapeshifter) (Lair:1)
  6 crocodiles
  2 centaurs
  A big kobold (D:11)
  A wyvern zombie (D:13)
  10 bullfrogs
  Dowan (D:5)
  7 water moccasin zombies (Ossuary)
  5 scorpions
  3 electric eels (D:12)
  5 wights (D:11)
  A howler monkey (D:10)
  6 crimson imps
  4 centaur zombies
  5 jellies
  10 hounds
  13 orc priests
  3 bullfrog skeletons
  26 orc wizards
  5 iguanas
  8 worker ants
  A big kobold zombie (Ossuary)
  A hound skeleton (D:6)
  2 mummies (Ossuary)
  A howler monkey skeleton (D:8)
  2 worker ant zombies
  18 adders
  4 gnolls (D:7)
  A river rat (D:3)
  5 shadow imps
  An ooze (D:1)
  4 adder zombies
  2 adder skeletons
  3 dart slugs
  5 leopard geckos
  79 orcs
  6 giant cockroaches
  7 goblins
  6 hobgoblins
  10 jackals
  13 kobolds
  5 quokkas
  8 ball pythons
  8 bats
  A giant cockroach zombie (D:3)
  A gnoll zombie (Ossuary)
  4 hobgoblin zombies (Ossuary)
  2 kobold zombies (Ossuary)
  6 orc zombies
  2 quokka skeletons
  A quokka zombie (D:7)
  8 rats
480 creatures vanquished.

Vanquished Creatures (collateral kills)
  A hippogriff (D:11)
  A yak (Lair:2)
  A golden eye (Lair:1)
  4 orc wizards
  An adder (D:11)
  An orc (D:8)
9 creatures vanquished.

Vanquished Creatures (others)
  A yak (Lair:1)
  2 hogs (D:10)
  An orc wizard (D:12)
  An adder (D:12)
  2 orcs
  A fire vortex (D:4)
  2 fungi
  6 plants
16 creatures vanquished.

Grand Total: 505 creatures vanquished

Notes
Turn   | Place    | Note
-------+----------+-------------------------------------------
     0 | D:1      | Manul the Mummy Chaos Knight began the quest for the Orb.
     0 | D:1      | Reached XP level 1. HP: 18/18 MP: 1/1
    48 | D:1      | Reached XP level 2. HP: 24/24 MP: 2/2
   745 | D:1      | Reached skill level 3 in Maces & Flails
   745 | D:1      | Reached XP level 3. HP: 23/29 MP: 3/3
   841 | D:2      | Reached skill level 1 in Dodging
   872 | D:2      | Noticed Sigmund
  1025 | D:2      | XOM: confusion (+ monsters)
  1514 | D:2      | Found a snail-covered altar of Cheibriados.
  1519 | D:2      | Found a hide-covered altar of Uskayaw.
  1519 | D:2      | Noticed a dagger
  1520 | D:2      | Noticed a dagger
  1537 | D:2      | Noticed Sigmund
  1537 | D:2      | Sigmund changed into Sigmund the hound
  1537 | D:2      | XOM: polymorph Sigmund -> Sigmund the hound
  1556 | D:1      | XOM: noise
  1566 | D:1      | XOM: fog
  1604 | D:2      | Found an ornate altar of the Wu Jian Council.
  1816 | D:2      | Killed Sigmund the hound
  1816 | D:2      | Reached XP level 4. HP: 19/35 MP: 4/4
  1996 | D:2      | Found a hazy altar of Hepliaklqana.
  2505 | D:1      | Reached XP level 5. HP: 38/42 MP: 5/5
  2577 | D:2      | XOM: god gift: 24 gold pieces
  3046 | D:3      | XOM: god gift: runed great mace {god gift}
  3112 | D:3      | Learned a level 1 spell: Animate Skeleton
  3239 | D:3      | XOM: 1-stop teleportation journey
  3336 | D:3      | Reached skill level 1 in Stealth
  3351 | D:3      | Found a glowing drain.
  3352 | D:3      | XOM: blink monster(s)
  3446 | D:3      | Found a sacrificial altar of Ru.
  3563 | D:4      | Reached skill level 4 in Maces & Flails
  3563 | D:4      | Reached XP level 6. HP: 48/48 MP: 6/6
  3565 | D:4      | XOM: butterfly on damage
  3606 | D:4      | XOM: butterfly on damage
  4120 | D:4      | XOM: summons friendly shadow imp
  4121 | D:4      | XOM: polymorph shadow imp -> crimson imp
  4125 | D:4      | Reached XP level 7. HP: 23/55 MP: 7/7
  4133 | D:4      | XOM: noise
  4166 | D:4      | XOM: stat loss: -1 Dex (11/12)
  4221 | D:3      | XOM: summons 1 hostile shadow creature
  4403 | D:4      | XOM: mild Fire miscast
  4406 | D:4      | Reached skill level 5 in Maces & Flails
  4407 | D:4      | XOM: butterfly on damage
  4720 | D:4      | Found an iron altar of Okawaru.
  4947 | D:5      | Entered Level 5 of the Dungeon
  5025 | D:5      | XOM: noise
  5112 | D:5      | XOM: god gift: box of beasts
  5209 | D:5      | XOM: 2-stop teleportation journey
  5228 | D:5      | Found a staircase to the Ecumenical Temple.
  5247 | D:5      | XOM: enchant monster (good)
  5248 | Temple   | Entered the Ecumenical Temple
  5307 | D:5      | XOM: god gift: 15 stones
  5308 | D:5      | XOM: cast spell 'Leda's Liquefaction'
  5325 | D:5      | Reached skill level 1 in Spellcasting
  5356 | D:5      | XOM: 1-stop teleportation journey
  5424 | D:5      | Reached skill level 1 in Necromancy
  5430 | D:5      | XOM: enchant monster (good)
  5479 | D:5      | Reached XP level 8. HP: 58/61 MP: 10/10
  5523 | D:5      | Noticed Duvessa
  5523 | D:5      | Noticed Dowan
  5524 | D:5      | XOM: potion effect (agility)
  5528 | D:5      | XOM: potion effect (invisibility)
  5532 | D:5      | Killed Duvessa
  5532 | D:5      | Reached skill level 6 in Maces & Flails
  5544 | D:5      | Killed Dowan
  5683 | D:5      | Reached skill level 5 in Fighting
  6195 | D:6      | Found a stormy altar of Qazlal.
  6279 | D:6      | XOM: cloud trail
  6385 | D:7      | Noticed sour's ghost (novice BaFi)
  6388 | D:7      | XOM: cleaving
  6393 | D:7      | XOM: confuse monster(s)
  6398 | D:7      | Killed sour's ghost
  6398 | D:7      | Reached skill level 7 in Maces & Flails
  6398 | D:7      | Reached XP level 9. HP: 50/68 MP: 12/14
  6428 | D:7      | Found Sucekaum's Weapon Shop.
  6841 | D:6      | XOM: enchant monster (bad)
  6847 | D:5      | XOM: polymorph bullfrog -> steam dragon
  7163 | D:7      | Found Vaha's Antique Armour Boutique.
  7168 | D:7      | Found Lyqatim's General Store.
  7237 | D:7      | Found Tutaupon's Armour Shoppe.
  7269 | D:7      | Found Qekhacopp's Assorted Antiques.
  7597 | D:8      | Found Wahuesau's General Store.
  7631 | D:8      | Found a sand-covered staircase.
  7642 | Ossuary  | Entered an ossuary
  7717 | Ossuary  | Reached skill level 5 in Spellcasting
  7736 | Ossuary  | XOM: chaos cloud
  7989 | Ossuary  | XOM: swap monsters
  8015 | Ossuary  | Reached skill level 8 in Maces & Flails
  8026 | Ossuary  | XOM: harmless Tmut miscast
  8066 | D:8      | Noticed WhatIsLove's ghost (novice FoMo)
  8074 | D:8      | XOM: confuse monster(s)
  8075 | D:8      | XOM: divine lightning
  8076 | D:8      | Killed WhatIsLove's ghost
  8076 | D:8      | XOM: cloud trail
  8077 | D:8      | Found Kala's Magic Scroll Shoppe.
  8087 | D:8      | Bought a scroll of teleportation for 36 gold pieces
  8087 | D:8      | Bought a scroll of teleportation for 36 gold pieces
  8142 | D:8      | Found Kamymeam's Distillery.
  8256 | D:8      | XOM: god gift: 19 stones
  8332 | D:8      | Found Byeshre's Jewellery Boutique.
  8345 | D:8      | Noticed Pikel
  8348 | D:8      | XOM: cast spell 'Olgreb's Toxic Radiance'
  8350 | D:8      | XOM: cleaving
  8362 | D:8      | XOM: summons 3 friendly demons
  8368 | D:8      | Killed Pikel
  8368 | D:8      | Reached XP level 10. HP: 34/76 MP: 18/18
  8605 | D:8      | Noticed a two-headed ogre
  8611 | D:8      | XOM: divination: magic mapping
  8612 | D:8      | Killed a two-headed ogre
  8612 | D:8      | Reached skill level 5 in Necromancy
  8622 | D:8      | XOM: enchant monster (good)
  8817 | D:8      | XOM: confuse monster(s)
  8987 | D:8      | XOM: harmless Hex miscast
  9563 | D:9      | Noticed a two-headed ogre
  9579 | D:8      | XOM: god gift: 15 arrows
  9611 | D:8      | Killed a two-headed ogre
  9611 | D:8      | Reached skill level 9 in Maces & Flails
  9678 | D:9      | XOM is BORED!
  9678 | D:9      | XOM: medium Necr miscast
  9683 | D:9      | Noticed Maurice
  9718 | D:8      | XOM: cloud trail
  9795 | D:9      | XOM: confuse monster(s)
  9914 | D:9      | XOM: smoke on damage
 10367 | D:9      | XOM: scenery: create altars
 10556 | D:10     | Entered Level 10 of the Dungeon
 10621 | D:10     | XOM: polymorph orc warrior -> howler monkey
 10628 | D:10     | Reached XP level 11. HP: 82/83 MP: 21/21
 10831 | D:10     | XOM: scenery: create altars
 10957 | D:10     | Found a staircase to the Lair.
 11072 | D:10     | XOM: god gift: curved smoking staff {god gift}
 11151 | D:10     | XOM: divine lightning
 11179 | D:10     | XOM: scenery: 1 doors close
 11196 | D:10     | XOM: scenery: create altars
 11413 | D:11     | Reached skill level 10 in Maces & Flails
 11492 | D:11     | XOM: 2-stop teleportation journey
 11520 | D:11     | XOM: confuse monster(s)
 11528 | D:11     | Found a white marble altar of Elyvilon.
 11566 | D:11     | XOM: cleaving
 11911 | D:10     | XOM: god gift: scroll of teleportation
 12007 | Lair:1   | Entered Level 1 of the Lair of Beasts
 12008 | Lair:1   | XOM: butterfly on damage
 12177 | D:10     | XOM: god gift: plate armour {god gift}
 12193 | Lair:1   | XOM: destruction
 12389 | Lair:1   | XOM: 3-stop teleportation journey
 12424 | Lair:1   | XOM: scenery: 1 doors open, 1 doors close
 12432 | Lair:1   | XOM: scenery: 1 doors close
 12441 | Lair:1   | XOM: enchant monster (good)
 12455 | Lair:1   | XOM: 2-stop teleportation journey
 12488 | Lair:1   | XOM is BORED!
 12488 | Lair:1   | XOM: mild Necr miscast
 12599 | Lair:1   | XOM: noise
 12608 | Lair:1   | Reached skill level 5 in Armour
 12609 | Lair:1   | XOM: god gift: glowing quarterstaff {god gift}
 12612 | Lair:1   | XOM: polymorph yak -> golden eye
 12667 | Lair:1   | XOM: scenery: create altars
 12716 | Lair:1   | XOM: fog
 12718 | Lair:1   | XOM: divine lightning
 12983 | Lair:2   | Noticed Toogi's ghost (journeyman DEIE)
 12999 | Lair:1   | XOM: silly message
 13006 | Lair:1   | XOM: harmless Necr miscast
 13399 | Lair:2   | XOM: harmless Hex miscast
 13406 | Lair:2   | XOM: smoke on damage
 13428 | Lair:2   | XOM: harmless Necr miscast
 13651 | Lair:1   | XOM: silly message
 13857 | Lair:2   | XOM: potion effect (experience)
 13857 | Lair:2   | Reached skill level 11 in Maces & Flails
 13857 | Lair:2   | Reached skill level 5 in Dodging
 13857 | Lair:2   | Reached XP level 12. HP: 93/93 MP: 23/23
 13859 | Lair:2   | XOM: harmless Conj miscast
 14016 | Lair:2   | XOM: medium Tloc miscast
 14021 | Lair:2   | XOM: destruction
 14022 | Lair:2   | XOM: destruction
 14144 | Lair:1   | XOM: enchant monster (good)
 14149 | Lair:1   | XOM: polymorph wolf -> centaur
 14246 | Lair:1   | XOM: mild Erth miscast
 14390 | D:11     | Noticed Grum
 14395 | D:11     | XOM: enchant monster (good)
 14396 | D:11     | XOM: harmless Pois miscast
 14406 | D:11     | XOM: confusion (+ monsters)
 14543 | D:10     | XOM: god gift: wand of paralysis (?/24) {god gift}
 14551 | D:11     | Killed Grum
 14759 | D:11     | XOM: medium Erth miscast
 14781 | D:11     | XOM: god gift: pair of gloves {god gift}
 14844 | D:11     | XOM: god gift: 5 needles of confusion
 14954 | D:10     | XOM is BORED!
 15560 | D:12     | Noticed Kirke
 15880 | D:12     | XOM: summons 2 friendly demons
 15894 | D:12     | Killed Kirke
 15894 | D:12     | Gained mutation: You are in touch with the powers of death. [Mummy growth]
 15894 | D:12     | Reached XP level 13. HP: 40/100 MP: 24/24
 16725 | D:12     | XOM: harmless Pois miscast
 16726 | D:12     | XOM: god gift: meat ration
 16735 | D:13     | XOM: mild Conj miscast
 16985 | D:12     | Reached skill level 12 in Maces & Flails
 17013 | D:12     | XOM: blink monster(s)
 17468 | D:12     | XOM: silly message
 17553 | D:12     | XOM: smoke on damage
 17630 | D:12     | Found a staircase to the Orcish Mines.
 17665 | D:12     | XOM: summons 4 hostile demons
 17954 | D:13     | XOM: medium Chrm miscast
 18335 | D:13     | XOM: medium Air miscast
 18876 | Lair:2   | XOM: harmless Summ miscast
 18887 | Lair:2   | Killed Toogi's ghost
 18901 | Lair:2   | XOM: swap monsters
 18986 | Lair:1   | XOM: mild Necr miscast
 19307 | Lair:2   | XOM: harmless Hex miscast
 19367 | Lair:2   | XOM: polymorph spiny frog -> black mamba
 19374 | Lair:2   | XOM: enchant monster (good)
 19696 | Lair:2   | Found a burning altar of Makhleb.
 19741 | Lair:2   | XOM: harmless Summ miscast
 20885 | Lair:4   | XOM is BORED!
 20885 | Lair:4   | XOM: 2-stop teleportation journey
 20941 | Lair:4   | Reached skill level 13 in Maces & Flails
 21006 | Lair:4   | Noticed Snorg
 21017 | Lair:4   | Slain by Snorg

Vault maps used:
D:1:      kennysheep_arrival_forest
D:2:      dancing_weapons_uskayaw, old_standard_altar,
          grunt_temple_overflow_open, first_bread, minmay_misc_feat_cross,
          due_unseen_surprise, uniq_sigmund
D:3:      lemuel_coloured_pillars_altar, portal_sewer_entry_e, serial_undead,
          serial_undead_f, serial_undead_d, serial_undead_e, serial_undead_f
D:4:      kennysheep_mini_moat
D:5:      minmay_temple_entry_large_hall, uniq_duvessa
D:6:      basic_altar, hangedman_decor_riveting
D:7:      serial_shops, nicolae_shop_stone, shop, shop_statue, kennysheep_mini,
          shop
D:8:      enter_ossuary_3, serial_shops, shop, shop, nicolae_shop_waterfront,
          shop, uniq_pikel
D:9:      uniq_maurice
D:10:     david_lair_shrubbed, grunt_livestock
D:11:     elyvilon_altar_3, uniq_grum
D:12:     erik_orc_2, uniq_kirke
D:13:     serial_shops, shop, uniq_urug
Temple:   nicolae_temple_elliptical
Lair:2:   basic_altar, bh_autumn_forest_stairs, lemuel_fruit_tree,
          grunt_megastairs_1
Lair:3:   serial_bayou_lagoon_a
Lair:4:   minmay_guarded_unrand_snakebite, minmay_shoals_entry_lonely_mermaid,
          spider_nest_entry_funnel_web, portal_ice_cave_demonic_guard,
          cheibrodos_lair_lostbears, uniq_snorg
Ossuary:  ossuary_tomb_2

Skill      XL: |  1  2  3  4  5  6  7  8  9 10 11 12 13 |
---------------+----------------------------------------+-----
Maces & Flails | 3 4 5 7 8 9 11 13 | 13.0
Dodging        | 1 2 3 4 5 6 |  6.7
Armour         | 2 3 4 5 6 |  6.8
Stealth        | 1 |  1.1
Fighting       | 4 5 6 8 9 |  9.9
Spellcasting   | 1 3 5 6 7 |  7.7
Necromancy     | 1 3 4 6 7 |  7.0
Evocations     | 2 |  2.8

Action                   |  1- 3 |  4- 6 |  7- 9 | 10-12 | 13-15 || total
-------------------------+-------+-------+-------+-------+-------++-------
Melee: Mace              |    99 |   112 |       |       |       ||   211
       Great mace        |       |    80 |   399 |   536 |   453 ||  1468
 Cast: Animate Skeleton  |       |       |     3 |    10 |     1 ||    14
Evoke: Wand              |       |       |       |     3 |       ||     3
       Box of beasts     |       |       |       |     3 |     1 ||     4
  Use: Scroll            |     5 |     2 |     3 |    11 |     3 ||    24
 Stab: Petrified         |       |     3 |       |     1 |       ||     4
       Paralysed         |       |     2 |       |     2 |     1 ||     5
       Invisible         |       |       |     2 |       |       ||     2
       Confused          |       |       |       |     1 |       ||     1
Armor: Leather armour    |    78 |    49 |       |       |       ||   127
       Ring mail         |       |    51 |   178 |   277 |   212 ||   718
Dodge: Dodged            |   119 |   148 |   232 |   406 |   373 ||  1278
Block: Other             |       |       |    76 |   166 |   107 ||   349
       Reflection        |       |       |       |     5 |     1 ||     6
